 Dungeon Crawl Stone Soup version 0.21.1-1-g345015f (webtiles) character file.

271 inc the Ducker (level 6, -2/29 HPs)
             Began as a Felid Monk on Feb 21, 2018.
             Was a Believer of Wu Jian.
             Killed by divine providence
             ... invoked by an orc priest
              (12 damage)
             ... on level 6 of the Dungeon.
             The game lasted 00:10:54 (4242 turns).

inc the Ducker (Felid Monk)                         Turns: 4242, Time: 00:10:55

Health: -2/29      AC:  2    Str:  7    XL:     6   Next: 2%
Magic:  7/7        EV: 28    Int: 14    God:    Wu Jian [**....]
Gold:   236        SH:  0    Dex: 18    Spells: 5/5 levels left
                                        Lives:  0   Deaths: 1

rFire    + . .     SeeInvis +     - Unarmed
rCold    x . .     Gourm    .   (shield unavailable)
rNeg     . . .     Faith    .   (armour unavailable)
rPois    .         Spirit   .   (helmet unavailable)
rElec    .         Reflect  .   (cloak unavailable)
rCorr    .         Harm     .   (gloves unavailable)
MR       .....                  (boots unavailable)
Stlth    +++.......             (no amulet)
HPRegen  0.09/turn              c - +6 ring of evasion
MPRegen  0.10/turn              m - ring of fire

@: quick
A: very small, no armour, no weapons or thrown items, stealth, claws 1, fangs 3,
see invisible, carnivore, speed 1, shaggy fur 2, slow metabolism 1, sharp paws
a: Wall Jump, Renounce Religion


You were on level 6 of the Dungeon.
You worshipped Wu Jian.
Wu Jian was pleased with you.
You were not hungry.

You visited 2 branches of the dungeon, and saw 7 of its levels.

You collected 236 gold pieces.

Inventory:

Jewellery
 c - a +6 ring of evasion (left paw)
 m - a ring of fire (right paw)
Wands
 t - a wand of flame (30)
Scrolls
 b - 2 scrolls of fog
 d - a scroll of fear {unknown}
 g - 2 scrolls of noise {unknown}
 h - 2 scrolls of teleportation
 l - 3 scrolls of enchant weapon {unknown}
 o - a scroll of identify
 r - 2 scrolls of remove curse {unknown}
 s - a scroll of random uselessness {unknown}
 v - a scroll of enchant armour {unknown}
Potions
 e - 2 potions of heal wounds
 f - 5 potions of curing
 i - 3 potions of haste {unknown}
 j - 2 potions of degeneration {unknown}
 k - a potion of cancellation {unknown}
 n - a potion of flight {unknown}
 p - a potion of resistance {unknown}
 q - a potion of might {unknown}
 u - a potion of ambrosia {unknown}
 w - a potion of invisibility {unknown}
Comestibles
 a - 8 rations


   Skills:
 + Level 4.4 Fighting
 + Level 6.6 Dodging
 - Level 2.6 Stealth
 + Level 5.4 Unarmed Combat


You had 5 spell levels left.
You didn't know any spells.

Dungeon Overview and Level Annotations

Branches:
Dungeon (6/15)             Temple (1/1) D:4

Altars:
Ashenzari
Cheibriados
Dithmenos
Gozag
Nemelex Xobeh
Okawaru
Qazlal
Ru
Sif Muna
Vehumet
Wu Jian
Xom
Yredelemnul
Zin
The Shining One

Shops:
D:4 }

Annotations:
D:3 Autsider's ghost, amateur GrFi
D:4 Dowan; Duvessa


Innate Abilities, Weirdness & Mutations

You cannot wear armour.
You are incapable of wielding weapons or throwing items.
Your paws allow you to move quietly. (Stealth)
You have sharp claws.
You have razor-sharp teeth.
You have supernaturally acute eyesight. (SInv)
You are carnivorous and can eat meat at any time.
You cover ground quickly.
You are covered in thick fur. (AC +2)
You have a slow metabolism.
Your sharp claws are effective at attacking unaware monsters.


Message History

You feel strangely unstable.
It was a scroll of teleportation.
As you read the scroll labeled RESA ROSONEWAE, it crumbles to dust.
It is a scroll of identify.
f - 6 potions of curing
As you read the scroll of identify, it crumbles to dust.
e - 2 potions of heal wounds
* * * LOW HITPOINT WARNING * * *
You feel sick.
Your surroundings suddenly seem different.
Found a club and a ruby potion. 2 orcs, an orc warrior and an orc priest come into view.
You feel better.
The orc warrior shouts!
The orc priest shouts!
The orc shouts! x2
The orc completely misses you.
An orc comes into view. It is wielding a short sword.
The orc priest invokes the aid of Beogh against you.
Pain shoots through your body!
The orc priest calls down the wrath of Beogh upon you.
Beogh smites you!
You die...

......# .......#
.......### #.....!....
##.........o
.....o.....
############...)......
.......@...o..o.......
############.o........
#..........
#..........
#..........
###########


You could see an orc warrior, an orc priest and an orc.

Vanquished Creatures
  An eye of draining (D:5)
  A scorpion (D:6)
  A bullfrog zombie (D:5)
  A hound (D:5)
  The ghost of inc the Vexing, a weakling FeEn (D:4)
  A bullfrog skeleton (D:5)
  An iguana (D:4)
  An orc wizard (D:4)
  4 adders
  An adder skeleton (D:6)
  4 worms
  A dart slug (D:1)
  4 orcs
  5 bats
  3 giant cockroaches
  5 goblins
  10 hobgoblins
  4 jackals (D:1)
  11 kobolds
  A quokka (D:2)
  A ball python (D:1)
  3 frilled lizards
  3 rats (D:2)
68 creatures vanquished.

Notes
Turn   | Place    | Note
-------+----------+-------------------------------------------
     0 | D:1      | inc the Felid Monk began the quest for the Orb.
     0 | D:1      | Reached XP level 1. HP: 10/10 MP: 2/2
   330 | D:1      | Reached XP level 2. HP: 5/14 MP: 3/3
  1362 | D:1      | Reached XP level 3. HP: 12/17 MP: 4/4
  1717 | D:2      | Reached skill level 5 in Dodging
  1971 | D:2      | Reached XP level 4. HP: 21/21 MP: 5/5
  1994 | D:2      | Found a deep blue altar of Sif Muna.
  2278 | D:3      | Noticed Autsider's ghost (amateur GrFi)
  2582 | D:4      | Found an opulent altar of Gozag.
  2712 | D:4      | Reached XP level 5. HP: 6/24 MP: 6/6
  2977 | D:4      | Found a staircase to the Ecumenical Temple.
  3070 | D:5      | Entered Level 5 of the Dungeon
  3185 | D:5      | Noticed an eye of draining
  3207 | D:5      | Killed an eye of draining
  3207 | D:5      | Reached skill level 6 in Dodging
  3207 | D:5      | Reached skill level 5 in Unarmed Combat
  3207 | D:5      | Gained mutation: You are covered in thick fur. (AC +2) [Felid growth]
  3207 | D:5      | Reached XP level 6. HP: 16/28 MP: 0/7
  3401 | D:5      | Mangled by an ogre
  3402 | D:5      | Reached XP level 5. HP: -11/25 MP: 6/6
  3460 | Temple   | Entered the Ecumenical Temple
  3771 | Temple   | Became a worshipper of the Wu Jian Council
  3771 | Temple   | Reached * piety under Wu Jian
  3771 | Temple   | Reached ** piety under Wu Jian
  3842 | D:5      | Noticed an ogre
  3935 | D:4      | Found a shadowy altar of Dithmenos.
  3958 | D:4      | Noticed Dowan
  3959 | D:4      | Noticed Duvessa
  4013 | D:4      | Noticed inc's ghost (weakling FeEn)
  4023 | D:4      | Killed inc's ghost
  4082 | D:4      | Found Cifog's Gadget Shop.
  4226 | D:6      | Reached XP level 6. HP: 5/29 MP: 7/7
  4235 | D:6      | Noticed an orc warrior
  4242 | D:6      | Killed from afar by an orc priest

Skill      XL: |  1  2  3  4  5 |
---------------+----------------+-----
Unarmed Combat | 4 5 |  5.4
Dodging        | 5 6 |  6.6
Fighting       | 4 |  4.4
Stealth        | |  2.6

Action                   |  1- 3 |  4- 6 || total
-------------------------+-------+-------++-------
Melee: Unarmed           |   111 |   130 ||   241
       Bite              |    10 |    17 ||    27
       Punch             |     2 |     3 ||     5
Invok: Wall Jump         |       |     8 ||     8
       Lunge             |       |     1 ||     1
       Whirlwind         |       |     1 ||     1
  Use: Scroll            |       |     4 ||     4
       Potion            |       |     1 ||     1
 Stab: Sleeping          |     4 |    10 ||    14
  Eat: Chunk             |     2 |     2 ||     4
Armor: Skin              |     4 |     2 ||     6
Dodge: Dodged            |   107 |    92 ||   199
